 Dungeon Crawl Stone Soup version 0.21.1-1-g345015f (webtiles) character file.

167 Mirai the Slasher (level 5, 0/42 HPs)
             Began as a Demonspawn Berserker on Feb 5, 2018.
             Was a Follower of Trog.
             Slain by a gnoll
             ... wielding a +0 spear
              (3 damage)
             ... on level 3 of the Dungeon.
             The game lasted 00:06:22 (1744 turns).

Mirai the Slasher (Demonspawn Berserker)            Turns: 1744, Time: 00:06:22

Health: 0/42       AC: 13    Str: 18 (19) XL:     5   Next: 23%
Magic:  5/5        EV:  8    Int:  7 (8)  God:    Trog [*.....]
Gold:   98         SH:  0    Dex: 11 (12) Spells: 4/4 levels left

rFire    . . .     SeeInvis .   a - +0 falchion
rCold    . . .     Gourm    .   (no shield)
rNeg     . . .     Faith    .   i - +0 shadow dragon scales (curse)
rPois    .         Spirit   .   (no helmet)
rElec    .         Reflect  .   (no cloak)
rCorr    .         Harm     .   (no gloves)
MR       .....                  (no boots)
Stlth    ++........             (no amulet)
HPRegen  0.14/turn              (no ring)
MPRegen  0.09/turn              (no ring)

@: flying
A: molten scales 1, spiny 1, rot immunity
a: Berserk, Burn Spellbooks, Renounce Religion


You were on level 3 of the Dungeon.
You worshipped Trog.
Trog was aware of your devotion.
You were not hungry.

You visited 1 branch of the dungeon, and saw 3 of its levels.

You collected 98 gold pieces.

Inventory:

Hand Weapons
 a - a +0 falchion (weapon)
 e - a cursed -1 club
 l - a +0 spear
 o - a +0 spear
 q - a +0 dagger
 r - a +0 short sword
 u - a +0 dagger
 w - a +1 dagger of draining
 x - a +0 short sword
 C - a +0 club
 F - a +0 spear
 G - a +0 club
 H - a +0 dagger
 J - a +2 hand axe of freezing
Missiles
 k - 18 arrows
 n - 37 stones (quivered)
Armour
 b - a +0 animal skin
 g - a +0 leather armour
 i - cursed +0 shadow dragon scales (worn)
 t - a +0 chain mail
 y - a +0 pair of gloves
 A - a cursed -2 scale mail
 I - a cursed +0 leather armour
Wands
 d - a wand of scattershot (5)
Scrolls
 f - a scroll of immolation {unknown}
 h - 2 scrolls of identify {unknown}
 s - 2 scrolls of noise {unknown}
 z - a scroll of teleportation {unknown}
Potions
 m - a potion of flight
 p - a potion of cancellation {unknown}
 v - a potion of curing {unknown}
 B - a potion of mutation {unknown}
 D - a potion of lignification {unknown}
Comestibles
 c - 4 rations
 E - 7 chunks of flesh


   Skills:
 + Level 3.7 Fighting
 + Level 4.1 Long Blades
 + Level 2.7 Armour
 + Level 2.1 Dodging
 + Level 1.0 Stealth


You had 4 spell levels left.
You didn't know any spells.

Dungeon Overview and Level Annotations

Branches:
Dungeon (3/15)

Altars:
Qazlal


Innate Abilities, Weirdness & Mutations

You are partially covered in molten scales. (AC +2)
You are partially covered in sharp spines.
You are immune to rotting.


Message History

You hit the gnoll.
The gnoll is heavily wounded.
The gnoll hits you with a spear. The gnoll hits you with a halberd.
You are too injured to fight recklessly!
The gnoll hits you but does no damage.
The gnoll hits you from afar with a halberd!
* * * LOW HITPOINT WARNING * * *
You see here a gnoll corpse.
You are too injured to fight recklessly!
Unknown command.
The gnoll hits you from afar with a spear.
* * * LOW HITPOINT WARNING * * *
It was a potion of flight.
You feel very buoyant.
You fly up into the air.
The gnoll hits you but does no damage.
It was a potion of degeneration.
There was something very wrong with that liquid.
You feel weakened.
You feel dopey.
You feel clumsy.
The gnoll hits you from afar with a spear.
You die...

#.........## #..#
#.#.####...#####..#
#.................#
#.....####.....##.#
#.....# #.....##.#
#.....####.....##.#
#..####.#.###.###.#
#..# #.#.## #.# #.#
#..# ##@#.# #.. ..#
#..###†#.## #..# ##
#...gg#### #.....#
#.....# #......
#....## #####


You could see 2 gnolls.

Vanquished Creatures
  The ghost of Ratty the Shooter, an amateur CeHu (D:3)
  2 gnolls (D:3)
  An adder (D:2)
  An ooze (D:1)
  5 leopard geckos
  4 orcs (D:3)
  A ball python (D:2)
  5 hobgoblins
  A quokka (D:2)
  2 bats
  3 frilled lizards
  8 goblins
  A kobold (D:2)
  2 rats (D:1)
37 creatures vanquished.

Notes
Turn   | Place    | Note
-------+----------+-------------------------------------------
     0 | D:1      | Mirai the Demonspawn Berserker began the quest for the Orb.
     0 | D:1      | Reached XP level 1. HP: 18/18 MP: 1/1
   108 | D:1      | Gained mutation: You are immune to rotting. [demonic ancestry]
   108 | D:1      | Reached XP level 2. HP: 12/24 MP: 2/2
   167 | D:1      | Reached skill level 3 in Long Blades
   669 | D:2      | Found a stormy altar of Qazlal.
   786 | D:2      | Reached XP level 3. HP: 23/29 MP: 3/3
  1199 | D:2      | Reached ** piety under Trog
  1229 | D:2      | Found a faded altar of an unknown god.
  1619 | D:3      | Noticed Ratty's ghost (amateur CeHu)
  1655 | D:3      | Killed Ratty's ghost
  1655 | D:3      | Reached skill level 4 in Long Blades
  1655 | D:3      | Gained mutation: You are partially covered in sharp spines. [demonic ancestry]
  1655 | D:3      | Reached XP level 4. HP: 37/37 MP: 4/4
  1655 | D:3      | Gained mutation: You are partially covered in molten scales. (AC +2) [demonic ancestry]
  1655 | D:3      | Reached XP level 5. HP: 42/42 MP: 5/5
  1730 | D:3      | Reached skill level 1 in Stealth
  1744 | D:3      | Slain by a gnoll

Skill      XL: |  1  2  3  4  5 |
---------------+----------------+-----
Long Blades    | 3 4 |  4.1
Armour         | 2 |  2.7
Dodging        | 2 |  2.1
Stealth        | 1 |  1.0
Fighting       | |  3.7

Action                   |  1- 3 |  4- 6 || total
-------------------------+-------+-------++-------
Melee: Falchion          |   116 |    17 ||   133
Invok: Berserk           |     2 |       ||     2
       Trog's Hand       |     1 |       ||     1
  Use: Potion            |       |     2 ||     2
 Stab: Sleeping          |     3 |       ||     3
  Eat: Chunk             |     2 |       ||     2
       Ration            |     1 |       ||     1
Armor: Animal skin       |     1 |       ||     1
       Shadow dragon sca |    49 |    17 ||    66
Dodge: Dodged            |    43 |    11 ||    54
       Rpst.: Falchion   |    11 |     2 ||    13
